 Dungeon Crawl Stone Soup version 0.27-a0-592-g0306a34022 (webtiles) character file.

Game seed: 16379345768136190535

295 Atlas the Sneak (level 5, -2/42 HPs)
             Began as a Demigod Brigand on Mar 10, 2021.
             Slain by a centaur (3 damage)
             ... on level 5 of the Dungeon.
             The game lasted 00:05:50 (4135 turns).

Atlas the Sneak (Demigod Brigand)                   Turns: 4135, Time: 00:05:51

Health: -2/42      AC: 12    Str: 16    XL:     5   Next: 86%
Magic:  7/7        EV: 10    Int: 13    God:
Gold:   263        SH:  0    Dex: 19    Spells: 4/4 levels left

rFire    x . .     SeeInvis +   a - +2 dagger
rCold    . . .     Faith    .   (no shield)
rNeg     . . .     Spirit   .   s - +0 scale mail
rPois    .         Reflect  .   (no helmet)
rElec    .         Harm     .   i - scarf {+Inv}
rCorr    .         Rampage  .   (no gloves)
Will     +....                  v - +1 pair of boots
Stlth    ++........             (no amulet)
HPRegen  0.14/turn              l - +4 ring of protection
MPRegen  0.10/turn              w - ring "Cizeteq" {rF- Will+ Str+4 SInv}

@: attractive, flying, hasted, very quick
A: high mp 1, forlorn
a: Evoke Invisibility


You were on level 5 of the Dungeon.
You visited 1 branch of the dungeon, and saw 5 of its levels.

You collected 263 gold pieces.

Inventory:

Hand Weapons
 a - a +2 dagger (weapon)
Missiles
 d - 18 poisoned darts (quivered)
 e - 2 curare-tipped darts
Armour
 c - a +0 cloak
 i - a scarf of invisibility (worn)
 s - a +0 scale mail (worn)
 v - a +1 pair of boots (worn)
Jewellery
 l - a +4 ring of protection (right hand)
 w - the ring "Cizeteq" (left hand) {rF- Will+ Str+4 SInv}
   (You found it on level 4 of the Dungeon)

   [ring of willpower]

   It affects your strength (+4).
   It makes you vulnerable to fire.
   It affects your willpower, your defense against some magical effects.
   It lets you see invisible.
Scrolls
 b - a scroll of noise {unknown}
 h - 8 scrolls of identify {unknown}
 m - 4 scrolls of teleportation {unknown}
 n - a scroll of fear {unknown}
 o - 2 scrolls of magic mapping {unknown}
 p - a scroll of immolation {unknown}
 u - a scroll of enchant weapon {unknown}
 y - 3 scrolls of amnesia {unknown}
Potions
 r - a potion of brilliance
 t - a potion of berserk rage {unknown}
 x - a potion of mutation {unknown}
 z - a potion of haste


   Skills:
 + Level 2.5 Fighting
 + Level 3.8 Short Blades
 + Level 1.7 Throwing
 + Level 1.6 Armour
 + Level 1.8 Dodging
 + Level 4.8 Stealth


You had 4 spell levels left.
You didn't know any spells.
Your spell library was empty.

Dungeon Overview and Level Annotations

Branches:
Dungeon (5/15)             Temple (0/1) D:4


Innate Abilities, Weirdness & Mutations

Your attributes grow dramatically as you level up.
You have an increased reservoir of magic. (+10% MP)
You shall have no god before yourself.


Message History

You hit the centaur but do no damage.
The centaur is moderately wounded.
The jackal bites you but does no damage.
The centaur hits you but does no damage.
You hit the centaur.
The centaur is moderately wounded.
The howler monkey skeleton closely misses you.
The jackal closely misses you.
You hit the centaur.
The centaur is moderately wounded.
The centaur barely misses you.
The jackal bites you but does no damage.
You hit the centaur but do no damage.
The centaur is moderately wounded.
The centaur hits you but does no damage.
The howler monkey skeleton hits you but does no damage.
You closely miss the centaur.
The centaur is moderately wounded.
The jackal bites you but does no damage.
The centaur hits you.
* * * LOW HITPOINT WARNING * * *
The howler monkey skeleton closely misses you.
You hit the centaur.
The centaur is heavily wounded.
The jackal bites you.
* * * LOW HITPOINT WARNING * * *
The centaur hits you but does no damage.
You hit the centaur.
The centaur is severely wounded.
The jackal bites you.
* * * LOW HITPOINT WARNING * * *
The centaur hits you but does no damage.
The howler monkey skeleton hits you but does no damage.
You barely miss the centaur.
The centaur is severely wounded.
You hit the centaur.
The centaur is severely wounded.
The jackal bites you but does no damage.
The centaur hits you.
You die...

#.# #.#######
###.......#
#.........##
#..........#
#..........# ...
#......B...# ...
#....##ch..# ....
#..h.##@Z..# .....
##....#########.....
#....hh..B..........
#....B..?.Z.........
#.........$.........
#..................[
#...................
###....#####........
#....# #........


You could see a centaur, a jackal, a giant cockroach and a howler monkey
skeleton.

Vanquished Creatures
  A scorpion (D:4)
  An orc priest (D:3)
  A worker ant (D:4)
  2 orc wizards
  5 adders
  An ooze (D:1)
  7 worms
  A dart slug (D:4)
  4 leopard geckos
  4 orcs
  2 ball pythons
  4 giant cockroaches
  6 goblins
  6 hobgoblins
  6 jackals
  9 bats
  5 frilled lizards
  6 kobolds
  6 rats
77 creatures vanquished.

Notes
Turn   | Place    | Note
-------+----------+-------------------------------------------
     0 | D:1      | Atlas the Demigod Brigand began the quest for the Orb.
     0 | D:1      | Reached XP level 1. HP: 17/17 MP: 3/3
   210 | D:1      | Reached skill level 4 in Stealth
   362 | D:1      | Reached skill level 1 in Dodging
   386 | D:1      | Reached XP level 2. HP: 24/24 MP: 4/4
  1227 | D:2      | Reached XP level 3. HP: 29/29 MP: 5/5
  1794 | D:2      | Reached XP level 4. HP: 30/36 MP: 6/6
  2298 | D:3      | Reached skill level 1 in Armour
  2711 | D:4      | Identified the ring "Cizeteq" {rF- Will+ Str+4 SInv}
  3117 | D:4      | Reached XP level 5. HP: 32/42 MP: 7/7
  3837 | D:4      | Found a staircase to the Ecumenical Temple.
  4002 | D:5      | Entered Level 5 of the Dungeon
  4085 | D:5      | Noticed a centaur
  4132 | D:5      | HP: 2/42 [jackal (2)]
  4135 | D:5      | Slain by a centaur

Illustrated notes

Levels and vault maps discovered:
D:1:      lemuel_arrival_hallway, layout_basic, minmay_misc_feat_x,
          minmay_misc_feat_enclosed, chequers_serial_rivers_small_3
D:2:      layout_basic, general_overflow_altar, minmay_ruptured
D:3:      layout_basic
D:4:      layout_rooms, nicolae_wu_jian_immortal_techniques,
          lemuel_temple_firewalk_a
D:5:      layout_basic, kennysheep_mini_moat, grunt_gozag_statues

Skill      XL: |  1  2  3  4 |
---------------+-------------+-----
Stealth        | 4 |  4.8
Dodging        | 1 |  1.8
Fighting       | 2 |  2.5
Short Blades   | 2 3 |  3.8
Armour         | 1 |  1.6
Throwing       | |  1.7

Action                   |  1- 3 |  4- 6 || total
-------------------------+-------+-------++-------
Melee: Dagger            |   189 |   223 ||   412
  Use: Potion            |       |     8 ||     8
 Stab: Sleeping          |     6 |     3 ||     9
       Distracted        |     1 |       ||     1
Armor: Robe              |     8 |       ||     8
       Scale mail        |    86 |   115 ||   201
Dodge: Dodged            |   106 |   102 ||   208

Table legend: (Time is in decaauts)
 A = Elapsed time spent in this place.
 B = Non-inter-level travel time spent in this place.
 C = Inter-level travel time spent in this place.
 D = Time resting spent in this place.
 E = Time spent auto-exploring this place.
 F = Levels seen in this place.
 G = Mean time per level.
                   A        B        C        D        E       F      G
               +--------+--------+--------+--------+--------+-----+--------+
         Total |   4084 |   3984 |    100 |    659 |   2525 |   5 |  816.8 |
       Dungeon |   4084 |   3984 |    100 |    659 |   2525 |   5 |  816.8 |
               +--------+--------+--------+--------+--------+-----+--------+

Top non-repeatable levels by time:
     D:1: 1340 daAuts
     D:4: 1020 daAuts
     D:3: 905 daAuts
     D:2: 695 daAuts
     D:5: 122 daAuts
